 Dungeon Crawl Stone Soup version 0.22.1-1-ga44c0e5 (webtiles) character file.

105 Folque the Stinger (level 4, -3/25 HPs)
             Began as a Deep Elf Venom Mage on Oct 6, 2018.
             Slain by an ice beast (7 damage)
             ... on level 1 of the Dungeon.
             The game lasted 00:07:57 (2067 turns).

Folque the Stinger (Deep Elf Venom Mage)            Turns: 2067, Time: 00:07:57

Health: -3/25      AC:  3    Str:  4 (5)  XL:     4   Next: 54%
Magic:  0/12       EV: 13    Int: 20 (21) God:
Gold:   14         SH:  0    Dex: 13 (14) Spells: 5/11 levels left

rFire    . . .     SeeInvis .   d - +0 dagger
rCold    . . .     Gourm    .   (no shield)
rNeg     . . .     Faith    .   a - +1 robe
rPois    .         Spirit   .   (no helmet)
rElec    .         Reflect  .   (no cloak)
rCorr    .         Harm     .   (no gloves)
MR       .....                  (no boots)
Stlth    ++........             (no amulet)
HPRegen  0.08/turn              l - -3 ring of dexterity (curse)
MPRegen  0.13/turn              (no ring)

@: no status effects
A: agile 1, sense surroundings 2
a: no special abilities


You were on level 1 of the Dungeon.
You were hungry.

You visited 1 branch of the dungeon, and saw 2 of its levels.

You collected 14 gold pieces.

Inventory:

Hand Weapons
 d - a +0 dagger (weapon)
 h - a +4 dagger of venom
Armour
 a - a +1 robe (worn)
 b - a +1 pair of gloves
Jewellery
 l - a cursed -3 ring of dexterity (left hand)
Scrolls
 f - a scroll of enchant armour
 g - 2 scrolls of identify
Comestibles
 c - 3 rations
 j - 3 chunks of flesh


   Skills:
 + Level 1.4 Fighting
 - Level 2.4 Dodging
 - Level 2.4 Stealth
 + Level 4.1 Spellcasting
 - Level 1.1 Conjurations
 * Level 4.8 Poison Magic


You had 5 spell levels left.
You knew the following spells:

 Your Spells              Type           Power        Failure   Level  Hunger
a - Sting                 Conj/Pois      ###.         3%          1    None
b - Poisonous Vapours     Pois/Air       ##....       7%          2    #......
c - Mephitic Cloud        Conj/Pois/Air  ##......     17%         3    ###....

Your spell library contained the following spells:

 Spells                   Type           Power        Failure   Level  Hunger
 Olgreb's Toxic Radiance  Pois           ###.....     17%         4    ####...
 Venom Bolt               Conj/Pois      ###.......   71%         5    ######.


Dungeon Overview and Level Annotations

Branches:
Dungeon (2/15)

Altars:

Annotations:
D:2 Terence


Innate Abilities, Weirdness & Mutations

You are agile. (Dex +2)
You passively map the area around you.


Message History

Aim: an ice beast The sting hits the ice beast.
The ice beast completely resists.
The ice beast hits you but does no damage.
Casting: Sting (safe; 3% risk of failure)
Confirm with . or Enter, or press ? or * to list all spells.
Aiming: Sting (safe; 3% risk of failure)
Press: ? - help, Shift-Dir - straight line, f/p - ice beast
Aim: an ice beast The sting hits the ice beast.
The ice beast appears unharmed.
The ice beast barely misses you.
Casting: Sting (safe; 3% risk of failure)
Confirm with . or Enter, or press ? or * to list all spells.
Aiming: Sting (safe; 3% risk of failure)
Press: ? - help, Shift-Dir - straight line, f/p - ice beast
Aim: an ice beast The sting hits the ice beast.
The ice beast completely resists.
The ice beast hits you.
* * * LOW HITPOINT WARNING * * *
The ice beast freezes you!
You die...

#.# #........# #÷#.# #.# #.#
#.####...# #...# #.# #.#
#.##.#..(#####.####.# ###.#
#...........##.#.##.#
.##.###.........#.##.#.##.#
.......................##.#
###############....#.#.##.#
###############.........#.#
#..##...##.#.##.@>......#.#
..##.##.###..##.Y..#......###
#..#÷#..#..####.............####
.#..##.####..##................#
.#..#.#...##.##......########.##
...#..###.#.###.........# #.#
#..#.#.###.####.......### #.#
..##.##..###.##.......# #.#
..#.##.#...#.##.......## #.#


You could see an ice beast.

Vanquished Creatures
  7 adders (D:2)
  2 dart slugs (D:1)
  A leopard gecko (D:1)
  3 giant cockroaches (D:1)
  5 goblins
  2 hobgoblins (D:1)
  8 bats
  5 frilled lizards
  4 kobolds
  5 rats
42 creatures vanquished.

Notes
Turn   | Place    | Note
-------+----------+-------------------------------------------
     0 | D:1      | Folque the Deep Elf Venom Mage began the quest for the Orb.
     0 | D:1      | Reached XP level 1. HP: 10/10 MP: 6/6
    93 | D:1      | Reached XP level 2. HP: 15/16 MP: 8/8
   116 | D:1      | Learned a level 2 spell: Poisonous Vapours
  1016 | D:1      | Reached XP level 3. HP: 17/20 MP: 3/10
  1394 | D:2      | Noticed Terence
  1401 | D:1      | Learned a level 3 spell: Mephitic Cloud
  1438 | D:2      | Noticed an ice beast
  1535 | D:2      | Reached skill level 1 in Fighting
  1619 | D:2      | Reached XP level 4. HP: 18/25 MP: 1/11
  2003 | D:1      | Gained mutation: You are agile. (Dex +2) [potion of
                  | mutation]
  2003 | D:1      | Gained mutation: You passively map a small area around you.
                  | [potion of mutation]
  2003 | D:1      | Gained mutation: You passively map the area around you.
                  | [potion of mutation]
  2010 | D:1      | HP: 1/25 [ice beast (8)]
  2067 | D:1      | Slain by an ice beast

Skill      XL: |  1  2  3  4 |
---------------+-------------+-----
Poison Magic   | 4 |  4.8
Fighting       | 1 |  1.4
Spellcasting   | 4 |  4.1
Dodging        | |  2.4
Stealth        | |  2.4
Conjurations   | |  1.1

Action                   |  1- 3 |  4- 6 || total
-------------------------+-------+-------++-------
Melee: Dagger            |    51 |    17 ||    68
       Unarmed           |     1 |       ||     1
 Cast: Sting             |    38 |    23 ||    61
       Poisonous Vapours |     6 |     3 ||     9
       Mephitic Cloud    |       |     1 ||     1
  Use: Scroll            |     1 |     1 ||     2
       Potion            |       |     3 ||     3
 Stab: Sleeping          |     5 |     1 ||     6
  Eat: Chunk             |     2 |     1 ||     3
Armor: Robe              |    16 |    10 ||    26
Dodge: Dodged            |    44 |    15 ||    59
